Construct Section Command Post
Selects Canadian Shock Battlegroup
Construct Platoon Command Post
6-pounder Anti-tank Gun Team
Unlock Bishop Self-propelled Artillery
Bishop Self-propelled Artillery
Selects Offensive Resupply
Selects Canadian Shock Section
Bishop Self-propelled Artillery
Bishop Self-propelled Artillery
Construct Company Command Post
Selects Churchill Crocodile Heavy Tank
Churchill Crocodile Heavy Tank